 Dungeon Crawl Stone Soup version 0.27.1-1-g398f81649c (webtiles) character file.

Game seed: 16831586842000504691

52 Tinkle the Skirmisher (level 3, -7/51 HPs)
             Began as a Minotaur Berserker on Sept 7, 2021.
             Was a Follower of Trog.
             Mangled by a gnoll (8 damage)
             ... on level 2 of the Dungeon.
             The game lasted 00:03:16 (1386 turns).

Tinkle the Skirmisher (Minotaur Berserker)          Turns: 1386, Time: 00:03:17

Health: -7/51      AC:  3    Str: 22    XL:     3   Next: 60%
Magic:  2/2        EV: 11    Int:  4    God:    Trog [*.....]
Gold:   69         SH:  0    Dex:  9    Spells: 2/2 levels left

rFire    . . .     SeeInvis .   a - +0 hand axe
rCold    . . .     Faith    .   (no shield)
rNeg     . . .     Spirit   .   g - +0 leather armour
rPois    .         Reflect  .   (helmet restricted)
rElec    .         Harm     .   (no cloak)
rCorr    .         Rampage  .   (no gloves)
Will     .....                  (no boots)
Stlth    ..........             (no amulet)
HPRegen  0.17/turn              (no ring)
MPRegen  0.08/turn              (no ring)

@: berserking, very quick
A: horns 2, retaliatory headbutt
a: Renounce Religion, Berserk


You were on level 2 of the Dungeon.
You worshipped Trog.
Trog was aware of your devotion.
You visited 1 branch of the dungeon, and saw 2 of its levels.

You collected 69 gold pieces.

Inventory:

Hand Weapons
 a - a +0 hand axe (weapon)
Armour
 g - a +0 leather armour (worn)
Scrolls
 e - a scroll of identify {unknown}
Potions
 c - 2 potions of might {unknown}
 d - a potion of attraction {unknown}
 f - 2 potions of flight {unknown}


   Skills:
 + Level 4.7 Fighting
 + Level 4.7 Axes
 - Level 2.4 Armour
 - Level 2.1 Dodging


You had 2 spell levels left.
You didn't know any spells.
Your spell library was empty.

Dungeon Overview and Level Annotations

Branches:
Dungeon (2/15)

Altars:
Beogh


Innate Abilities, Weirdness & Mutations

You have a pair of horns on your head.
You reflexively headbutt those who attack you in melee.


Message History

You see here a worm corpse.
Found a stone staircase leading down.
A gnoll comes into view. It is wielding a +0 halberd.
The gnoll shouts!
You hear a shout!
A hobgoblin comes into view.
The gnoll moves out of view.
A gnoll comes into view. It is wielding a +0 flail.
The gnoll shouts! 2 gnolls come into view.
The gnoll shouts!
The gnoll moves out of view.
The gnoll hits you with a +0 halberd!
You barely miss the gnoll. You completely miss the hobgoblin.
The hobgoblin barely misses you.
You hit the gnoll but do no damage. You hit the hobgoblin.
The gnoll hits you but does no damage. The hobgoblin hits you.
The gnoll hits you with a +0 halberd! The gnoll hits you but does no damage.
You are too injured to fight recklessly!
You are too injured to fight recklessly!
You are too injured to fight recklessly!
The gnoll closely misses you.
The gnoll hits you from afar with a +0 halberd.
* * * LOW HITPOINT WARNING * * *
A red film seems to cover your vision as you go berserk!
You feel yourself moving faster!
You feel mighty! The gnoll barely misses you. The hobgoblin closely misses you.
You slash the hobgoblin!
You kill the hobgoblin!
Trog accepts your kill. The gnoll misses you.
You slash the gnoll!
The gnoll is severely wounded.
The gnoll hits you from afar with a +0 halberd!
* * * LOW HITPOINT WARNING * * *
You hit the gnoll.
You feel the power of Trog in you as your rage grows.
You kill the gnoll!
Trog accepts your kill.
The gnoll hits you from afar with a +0 spear!
You die...

............
#.#
####.#######
#.# #.### #.#
#.# #...###
#.# #.#
#.#...# #.#
#.# #.....♣##
#.# #.#
#.......# #..
#.# #.♣.>...#
###
#.###gg.....#
#..@)g....♣
#######...#
###


You could see 3 gnolls.

Vanquished Creatures
  An adder (D:2)
  A gnoll (D:2)
  A worm (D:2)
  4 dart slugs (D:1)
  2 bats
  2 endoplasms
  2 giant cockroaches
  2 goblins (D:1)
  6 hobgoblins
  3 jackals (D:2)
  A quokka (D:1)
  A ball python (D:1)
  A frilled lizard (D:2)
  2 kobolds (D:1)
29 creatures vanquished.

Notes
Turn   | Place    | Note
-------+----------+-------------------------------------------
     0 | D:1      | Tinkle the Minotaur Berserker began the quest for the Orb.
     0 | D:1      | Reached XP level 1. HP: 19/19 MP: 0/0
    90 | D:1      | Reached XP level 2. HP: 24/27 MP: 1/1
   675 | D:1      | Found a faded altar of an unknown god.
   872 | D:2      | Reached XP level 3. HP: 34/34 MP: 2/2
  1385 | D:2      | HP: 1/51 [gnoll (13)]
  1386 | D:2      | Mangled by a gnoll

Illustrated notes

Levels and vault maps discovered:
D:1:      kennysheep_arrival_seaside, layout_rooms,
          hellmonk_ecumenical_altar_defaced_shrine, serial_bayou_pond_e
D:2:      layout_basic, serial_curves, eino_curves_03, eino_curves_02,
          eino_curves_01, grunt_ministairs_1, minmay_tetromino_o2

Skill      XL: |  1 |
---------------+----+-----
Fighting       | 4 |  4.7
Axes           | 4 |  4.7
Armour         | |  2.4
Dodging        | |  2.1

Action                   || total
-------------------------++-------
Melee: Hand axe          ||    66
       Headbutt          ||    14
Invok: Berserk           ||     1
 Stab: Sleeping          ||     1
Armor: Animal skin       ||     9
       Leather armour    ||     8
Dodge: Dodged            ||    31
